 Dungeon Crawl Stone Soup version 0.22-a0-580-gd5db89c (webtiles) character file.

28 chorionicmirror the Charmwright (level 3, 0/31 HPs)
             Began as a Gnoll Skald on July 2, 2018.
             Slain by Sigmund
             ... wielding a +2 scythe of slicing
              (1 damage)
             ... on level 2 of the Dungeon.
             The game lasted 00:04:35 (703 turns).

chorionicmirror the Charmwright (Gnoll Skald)        Turns: 703, Time: 00:04:35

Health: 0/31       AC:  6    Str: 10 (13) XL:     3   Next: 14%
Magic:  8/9        EV: 12    Int: 12 (15) God:
Gold:   79         SH:  0    Dex: 14 (15) Spells: 11/12 levels left

rFire    . . .     SeeInvis .   a - +0 short sword
rCold    . . .     Gourm    .   (no shield)
rNeg     . . .     Faith    .   e - +1 ring mail {rPois}
rPois    +         Spirit   .   (no helmet)
rElec    .         Reflect  .   (no cloak)
rCorr    .         Harm     .   (no gloves)
MR       .....                  (no boots)
Stlth    +.........             (no amulet)
HPRegen  0.10/turn              (no ring)
MPRegen  0.11/turn              (no ring)

@: infused, very slightly contaminated
A: distributed training, fangs 1, strong nose
a: no special abilities


You were on level 2 of the Dungeon.
You were not hungry.

You visited 1 branch of the dungeon, and saw 2 of its levels.

You collected 79 gold pieces.

Inventory:

Hand Weapons
 a - a +0 short sword (weapon)
Armour
 e - a +1 ring mail of poison resistance (worn)
Scrolls
 c - a scroll of identify {unknown}
 f - a scroll of remove curse {unknown}
Comestibles
 d - a ration


   Skills:
 + Level 4.5 Fighting
 + Level 4.5 Short Blades
 + Level 0.6 Long Blades
 + Level 0.6 Axes
 + Level 0.6 Maces & Flails
 + Level 0.6 Polearms
 + Level 0.6 Staves
 + Level 0.6 Slings
 + Level 0.6 Bows
 + Level 0.6 Crossbows
 + Level 0.6 Throwing
 + Level 2.5 Armour
 + Level 4.5 Dodging
 + Level 0.6 Stealth
 + Level 0.6 Shields
 + Level 0.6 Unarmed Combat
 + Level 5.0 Spellcasting
 + Level 0.4 Conjurations
 + Level 0.4 Hexes
 + Level 5.4 Charms
 + Level 0.4 Summonings
 + Level 0.4 Necromancy
 + Level 0.4 Translocations
 + Level 0.4 Transmutations
 + Level 0.4 Fire Magic
 + Level 0.4 Ice Magic
 + Level 0.4 Air Magic
 + Level 0.4 Earth Magic
 + Level 0.4 Poison Magic
 + Level 0.8 Invocations
 + Level 0.6 Evocations


You had 11 spell levels left.
You knew the following spells:

 Your Spells              Type           Power        Failure   Level  Hunger
a - Infusion              Chrm           ###.         5%          1    None

Your spell library contained the following spells:

 Spells                   Type           Power        Failure   Level  Hunger
 Regeneration             Chrm/Necr      ##........   41%         3    ###....
 Shroud of Golubria       Chrm/Tloc      ##........   22%         2    ##.....
 Song of Slaying          Chrm           ###.....     9%          2    ##.....
 Spectral Weapon          Hex/Chrm       ##......     41%         3    ###....


Dungeon Overview and Level Annotations

Branches:
Dungeon (2/15)

Altars:

Annotations:
D:2 Sigmund


Innate Abilities, Weirdness & Mutations

Your experience applies equally to all skills.
You have very sharp teeth.
Your uncanny sense of smell can sniff out nearby items.


Message History

The giant cockroach bites you but does no damage.
Something hits you but does no damage. The giant cockroach bites you.
You barely miss the giant cockroach.
The giant cockroach is almost dead.
Something hits you!
You hit the giant cockroach.
You kill the giant cockroach!
It was a potion of degeneration.
There was something very wrong with that liquid.
You feel weakened.
You feel dopey.
You feel clumsy. Something hits you.
* * * LOW HITPOINT WARNING * * *
x2 Something hits you.
* * * LOW HITPOINT WARNING * * *
x2
Casting: Infusion (safe; 5% risk of failure)
Confirm with . or Enter, or press ? or * to list all spells.
You begin infusing your attacks with magical energy.
You miss something. Something hits you.
* * * LOW HITPOINT WARNING * * *
You die...

#.# #(# #(# # #.#
##.# # #(# ....#.# #.
#(##......# #
#.##{(.......#.######
#...@..#. ...#.#.....
#....#......>........
#.##.#.#####.#.#.#.#.
# #.#.#####.#.#.#.#.
#...(.......#[#...
###.#...#.#.#<##..
#...+...#.######..
#.#.#...#.........
#.#...#####.##.##.


There were no monsters in sight!

Vanquished Creatures
  2 dart slugs (D:1)
  A leopard gecko (D:1)
  5 bats
  3 giant cockroaches
  5 goblins
  2 hobgoblins (D:1)
  A kobold (D:1)
  A frilled lizard (D:1)
  A rat (D:1)
21 creatures vanquished.

Vanquished Creatures (others)
  4 toadstools (D:1)
4 creatures vanquished.

Grand Total: 25 creatures vanquished

Notes
Turn   | Place    | Note
-------+----------+-------------------------------------------
     0 | D:1      | chorionicmirror the Gnoll Skald began the quest for the Orb.
     0 | D:1      | Reached XP level 1. HP: 20/20 MP: 6/6
    24 | D:1      | Reached XP level 2. HP: 26/26 MP: 0/7
   266 | D:1      | Reached XP level 3. HP: 31/31 MP: 7/9
   687 | D:2      | Reached skill level 5 in Spellcasting
   688 | D:2      | Noticed Sigmund
   703 | D:2      | HP: 1/31 [something (3)]
   703 | D:2      | Slain by Sigmund

Vault maps used:
D:1:      ldierk_walled_garden_2
D:2:      minmay_circled_x, uniq_sigmund

Skill      XL: |  1  2  3 |
---------------+----------+-----
Spellcasting   | 5 |  5.0
Fighting       | |  4.5
Short Blades   | |  4.5
Long Blades    | |  0.6
Axes           | |  0.6
Maces & Flails | |  0.6
Polearms       | |  0.6
Staves         | |  0.6
Slings         | |  0.6
Bows           | |  0.6
Crossbows      | |  0.6
Throwing       | |  0.6
Armour         | |  2.5
Dodging        | |  4.5
Stealth        | |  0.6
Shields        | |  0.6
Unarmed Combat | |  0.6
Conjurations   | |  0.4
Hexes          | |  0.4
Charms         | |  5.4
Summonings     | |  0.4
Necromancy     | |  0.4
Translocations | |  0.4
Transmutations | |  0.4
Fire Magic     | |  0.4
Ice Magic      | |  0.4
Air Magic      | |  0.4
Earth Magic    | |  0.4
Poison Magic   | |  0.4
Invocations    | |  0.8
Evocations     | |  0.6

Action                   || total
-------------------------++-------
Melee: Short sword       ||    44
       Bite              ||     4
Throw: Javelin           ||    14
 Cast: Infusion          ||     5
  Use: Scroll            ||     2
       Potion            ||     2
Armor: Leather armour    ||     8
       Ring mail         ||    11
Dodge: Dodged            ||    43

Table legend:
 A = Spawn XP
 B = Non-spawn XP
 C = Spawn XP percentage of total XP
 D = Spawn monster count
 E = Non-spawn monster count
 F = Spawn count percentage of total count
 G = Total turns spent on level
                    A         B        C        D         E        F      G
               +---------+---------+-------+---------+---------+-------+---------
         Total |       0 |      41 |   0.0 |       0 |      21 |   0.0 |   703
               +---------+---------+-------+---------+---------+-------+---------
           D:1 |       0 |      36 |   0.0 |       0 |      18 |   0.0 |   477
           D:2 |       0 |       5 |   0.0 |       0 |       3 |   0.0 |   226
               +---------+---------+-------+---------+---------+-------+---------
